[Event "Titled Tuesday Blitz January 31 Late 2023"]
[White "Mosquera, Miguel"]
[Black "Milikow, Yoav"]
[WhiteFideId "4401131"]
[BlackFideId "2822237"]
[WhiteElo "2371"]
[BlackElo "2394"]
[Result "0-1"]
[Round "01"]
[TimeControl "180+2"]
[Date "2023.01.31"]
[WhiteClock "0:00:06"]
[BlackClock "0:00:31"]

1. e4 e5 2. Nf3 Nc6 3. Bc4 Nf6 4. d3 Bc5 5. c3 a5 6. O-O d6 7. Be3 Bxe3 8. fxe3 O-O 9. h3 Be6 10. Nbd2 a4 11. Ng5 Bxc4 12. Nxc4 h6 13. Nf3 Ne7 14. Qe2 b5 15. Na3 c6 16. Nd2 Ng6 17. d4 Qe7 18. Nc2 Rfc8 19. a3 Rab8 20. Rad1 c5 21. Kh1 Qb7 22. Qf3 Re8 23. Rde1 Re7 24. g4 Nh4 25. Qg3 Nxe4 26. Nxe4 Qxe4+ 27. Kg1 g5 28. Rf2 Rf8 29. Ref1 f5 30. gxf5 Rxf5 31. Ne1 Ref7 32. dxc5 dxc5 33. Rxf5 Rxf5 34. Rxf5 Nxf5 35. Qf2 Qxe3 36. Qxe3 Nxe3 37. Nd3 Nc4 38. Nxc5 Nxb2 39. Nd7 Nc4 40. Nf6+ Kg7 41. Nd7 Nxa3 42. Nxe5 Nb1 43. Nd3 a3 44. Nb4 Nxc3 45. Kf2 a2 46. Nxa2 Nxa2 47. Ke2 Kg6 48. Kf3 b4 49. Ke3 b3 50. Kd3 Kh5 51. h4 Kxh4 52. Ke3 b2 53. Kd4 b1=N 54. Ke5 g4 55. Kf5 h5 56. Kg6 g3 57. Kh6 g2 58. Kg6 g1=N 59. Kf5 Kg3 60. Ke4 h4 61. Kd3 h3 62. Kc2 Nac3 63. Kb2 h2 64. Kc1 h1=B 65. Kc2 Kf4 66. Kd3 Ke5 67. Kc4 Be4 68. Kb4 Nge2 69. Kb3 Kd4 70. Kb4 Nc1 71. Ka5 Kc5 72. Ka6 Nb5 73. Ka5 Bb7 74. Ka4 N1c3+ 75. Ka5 Nb3# 0-1


[Site "https://www.chess.com"]

[Event "Titled Tuesday Blitz January 31 Late 2023"]
[White "Prydun, Andriy"]
[Black "Do Valle Cardoso, Lucas"]
[WhiteFideId "14145898"]
[BlackFideId "2163144"]
[WhiteElo "2134"]
[BlackElo "2250"]
[Result "1-0"]
[Round "01"]
[TimeControl "180+2"]
[Date "2023.01.31"]
[WhiteClock "0:00:40"]
[BlackClock "0:00:47"]

1. e4 c5 2. Nf3 d6 3. d4 cxd4 4. Qxd4 Nc6 5. Bb5 Bd7 6. Bxc6 Bxc6 7. O-O Nf6 8. Nbd2 e6 9. b3 Be7 10. Bb2 O-O 11. Rad1 b5 12. Rfe1 Qa5 13. a3 Rfd8 14. Nf1 d5 15. e5 Ne4 16. Qd3 Bxa3 17. Bxa3 Qxa3 18. Rxe4 dxe4 19. Qxd8+ Qf8 20. Qxf8+ Kxf8 21. Nd4 Bd7 22. Ne3 a5 23. Ra1 a4 24. c4 bxc4 25. bxa4 c3 26. a5 f6 27. Nc4 Rc8 28. Nb6 Rc7 29. a6 c2 30. Nxc2 Bc6 31. Nd4 Ke7 1-0


[Site "https://www.chess.com"]

[Event "Titled Tuesday Blitz January 31 Late 2023"]
[White "Bjelobrk, Igor"]
[Black "Can, Melih Kaan"]
[WhiteFideId "4300726"]
[BlackFideId "6317383"]
[WhiteElo "2403"]
[BlackElo "2069"]
[Result "1-0"]
[Round "01"]
[TimeControl "180+2"]
[Date "2023.01.31"]
[WhiteClock "0:02:03"]
[BlackClock "0:01:32"]

1. d4 d5 2. c4 c6 3. Nf3 Nf6 4. Nc3 e6 5. g3 dxc4 6. Bg2 b5 7. Ne5 Nd5 8. a4 Bb4 9. O-O Bxc3 10. bxc3 Bb7 11. Qc2 O-O 12. e4 Nf6 13. Ba3 Re8 14. Rfb1 a6 15. Nxc4 Nbd7 16. Nd6 Qc7 17. Nxe8 Nxe8 18. c4 bxa4 19. Qxa4 a5 20. e5 Nb6 21. Qb3 Ra6 22. Bc5 a4 23. Qb4 Nd5 24. cxd5 1-0


[Site "https://www.chess.com"]

[Event "Titled Tuesday Blitz January 31 Late 2023"]
[White "Gerbelli Neto, Eduardo"]
[Black "Maximov, Dmitry"]
[WhiteFideId "2103281"]
[BlackFideId "14105659"]
[WhiteElo "2114"]
[BlackElo "2497"]
[Result "0-1"]
[Round "01"]
[TimeControl "180+2"]
[Date "2023.01.31"]
[WhiteClock "0:00:19"]
[BlackClock "0:00:51"]

1. e4 c5 2. Nc3 Nc6 3. f4 e6 4. Nf3 a6 5. g3 d5 6. Bg2 Nf6 7. e5 Nd7 8. d3 b5 9. O-O Be7 10. Qe1 b4 11. Nd1 a5 12. b3 a4 13. Bb2 g6 14. Ne3 h5 15. Qe2 Qb6 16. Kh1 Ba6 17. bxa4 Bb7 18. c4 d4 19. Nc2 Rxa4 20. Nd2 Kd8 21. Ne4 Kc7 22. Rfb1 Rha8 23. a3 b3 24. Ne1 Rh8 25. Nf3 Na5 26. h4 Bc6 27. Nfg5 Rf8 28. Nh7 Rb8 29. Nhg5 Bxe4 30. Nxe4 Nc6 31. Rf1 Qa5 32. Qf3 Rb6 33. Ng5 Bxg5 34. hxg5 Qd2 35. Rf2 Qe3 36. Re2 Qxf3 37. Bxf3 Rba6 38. Kg2 Nb4 39. axb4 Rxa1 40. Bxa1 Rxa1 41. Kh3 Ra2 42. Re1 cxb4 43. Rb1 Nc5 44. Be4 b2 45. g4 hxg4+ 46. Kxg4 Na4 0-1


[Site "https://www.chess.com"]

[Event "Titled Tuesday Blitz January 31 Late 2023"]
[White "Lucassen, Mickey"]
[Black "Real_OceanStorm"]
[WhiteFideId "12919110"]
[WhiteElo "2023"]
[BlackElo "2671"]
[Result "0-1"]
[Round "01"]
[TimeControl "180+2"]
[Date "2023.01.31"]
[WhiteClock "0:00:10"]
[BlackClock "0:00:18"]

1. d4 Nf6 2. Nc3 d5 3. Bf4 c6 4. e3 h6 5. Nf3 Nbd7 6. h3 e6 7. Bd3 Be7 8. O-O O-O 9. Ne2 c5 10. c3 b6 11. Ne5 Nxe5 12. Bxe5 c4 13. Bc2 Bb7 14. Ng3 Nd7 15. Qg4 Nxe5 16. dxe5 Kh8 17. Nh5 g6 18. Nf4 Rg8 19. Rad1 Qb8 20. Qg3 a5 21. e4 g5 22. Nh5 b5 23. Qf3 Rf8 24. exd5 Qxe5 25. Rfe1 Bxd5 26. Rxe5 Bxf3 27. gxf3 Rfd8 28. Ree1 Rf8 29. Ng3 Bc5 30. Ne4 Rac8 31. Rd7 Bb6 32. Nd6 Rc7 33. Rxc7 Bxc7 34. Nxb5 Bf4 35. Na3 Rc8 36. Re4 Kg7 37. Rxc4 Rb8 38. Bb3 Bc1 39. Ra4 Bxb2 40. Rxa5 Bxc3 41. Rb5 Rd8 42. Nc4 Rd7 43. a4 Kf8 44. a5 Ra7 45. Kf1 Bd4 46. Ke2 Ke7 47. Kd3 Bxf2 48. Ne5 Kd6 49. Nc4+ Ke7 50. Kc3 Bg3 51. Bc2 Kd7 52. Be4 Kc7 53. Kb4 f5 54. Bd3 h5 55. Rc5+ Kd7 56. Nb6+ Kd8 57. a6 Bd6 58. Kb5 Bxc5 59. Kxc5 g4 60. hxg4 hxg4 61. fxg4 fxg4 62. Be2 g3 63. Bf3 Rxa6 64. Nc4 Ke7 65. Kd4 Ra4 66. Kd3 Kf6 67. Ne3 Kg5 68. Ke2 Ra2+ 69. Kf1 Rf2+ 70. Kg1 Rxf3 71. Kg2 Rxe3 0-1


[Site "https://www.chess.com"]

[Event "Titled Tuesday Blitz January 31 Late 2023"]
[White "Tristan, Leonardo"]
[Black "Pesotskiy, Mikhail"]
[WhiteFideId "113816"]
[BlackFideId "34164453"]
[WhiteElo "2545"]
[BlackElo "2153"]
[Result "0-1"]
[Round "01"]
[TimeControl "180+2"]
[Date "2023.01.31"]
[WhiteClock "0:00:10"]
[BlackClock "0:00:06"]

1. d4 Nf6 2. Nf3 e6 3. Bf4 c5 4. e3 Nc6 5. Nbd2 d5 6. c3 Nh5 7. Bg5 Qb6 8. dxc5 Qxb2 9. Nd4 Nf6 10. Rb1 Qxc3 11. Nb5 Qa5 12. Bxf6 gxf6 13. Nd6+ Bxd6 14. cxd6 Qd8 15. Qf3 Ne5 16. Qf4 Rg8 17. Bb5+ Bd7 18. O-O b6 19. Rfc1 Rg4 20. Bxd7+ Kxd7 21. Qh6 Kxd6 22. h3 Ra4 23. Qxh7 Rc8 24. f4 Rxc1+ 25. Rxc1 Nc4 26. Nxc4+ Rxc4 27. Rd1 Qc7 28. Kh2 Ke7 29. Qd3 Qc5 30. Re1 Rc2 31. Qa6 Qc3 32. Re2 Rxe2 33. Qxe2 e5 34. h4 d4 35. exd4 Qxd4 36. g3 Kf8 37. f5 e4 38. Kg2 e3 39. Kf3 Qd5+ 40. Kxe3 Qxf5 41. g4 Qe5+ 42. Kf3 Qxe2+ 43. Kxe2 f5 44. g5 Kg7 45. h5 b5 46. Ke3 a5 47. Kf4 b4 48. Kxf5 a4 49. h6+ Kg8 50. Kf6 b3 51. h7+ Kxh7 52. Kxf7 bxa2 53. g6+ Kh6 54. g7 a1=Q 55. g8=Q Qf1+ 56. Ke7 Qe2+ 57. Kd6 Qd3+ 58. Kc5 Qc3+ 59. Kb5 Qb3+ 0-1


[Site "https://www.chess.com"]

[Event "Titled Tuesday Blitz January 31 Late 2023"]
[White "Golubka, Petro"]
[Black "Rian, Kapriaga"]
[WhiteFideId "14114224"]
[BlackFideId "7103263"]
[WhiteElo "2371"]
[BlackElo "2089"]
[Result "1-0"]
[Round "01"]
[TimeControl "180+2"]
[Date "2023.01.31"]
[WhiteClock "0:01:31"]
[BlackClock "0:00:03"]

1. e4 c6 2. d4 d5 3. e5 Bf5 4. Bd3 Bxd3 5. Qxd3 e6 6. f4 Nh6 7. Nf3 c5 8. c4 cxd4 9. Nxd4 Nc6 10. Nxc6 bxc6 11. Nc3 Qb6 12. Be3 Qa6 13. O-O-O Nf5 14. Bf2 h5 15. g3 Bb4 16. cxd5 Qxd3 17. Rxd3 cxd5 18. Kb1 a6 19. Rc1 Rc8 20. Na4 Rxc1+ 21. Kxc1 Kd7 22. Rb3 Rc8+ 23. Kd1 Rc4 24. Nb6+ Kc6 25. Nxc4 1-0


[Site "https://www.chess.com"]

[Event "Titled Tuesday Blitz January 31 Late 2023"]
[White "Kostiukov, Alexandr"]
[Black "Martinez Ramirez, Lennis"]
[WhiteFideId "14108100"]
[BlackFideId "3509079"]
[WhiteElo "2271"]
[BlackElo "2426"]
[Result "1-0"]
[Round "01"]
[TimeControl "180+2"]
[Date "2023.01.31"]
[WhiteClock "0:00:17"]
[BlackClock "0:00:18"]

1. g3 d5 2. Bg2 Nf6 3. d3 Nc6 4. e4 dxe4 5. dxe4 Qxd1+ 6. Kxd1 Ng4 7. Nh3 e5 8. f3 Nf6 9. Be3 Nd7 10. Nd2 f6 11. Nf2 Bc5 12. Bxc5 Nxc5 13. Nd3 Nxd3 14. cxd3 Be6 15. a3 O-O-O 16. Bf1 g5 17. Be2 h5 18. Nf1 Bb3+ 19. Kd2 h4 20. Ne3 Nd4 21. Rac1 Rh7 22. g4 Rhd7 23. Rc3 Bf7 24. b4 Kb8 25. Rb1 Nb5 26. Rc5 Nxa3 27. Ra1 b6 28. Rc6 Nb5 29. Rxf6 Nd4 30. Ra3 h3 31. Nf5 Ne6 32. Nh6 Bg8 33. Nxg8 Nf4 34. Nh6 Kb7 35. Nf5 Ra8 36. Ne3 Rd4 37. Nc2 Rd7 38. Rf5 Re8 39. Rxg5 c6 40. Rf5 a6 41. Ne3 Rd4 42. Nc4 Red8 43. Rf7+ R8d7 44. Rxd7+ Rxd7 45. Nxe5 Rd4 46. Ke3 Ne6 47. Rb3 b5 48. f4 Rd8 49. f5 Nd4 50. Rb2 Kb6 51. g5 c5 52. bxc5+ Kxc5 53. Nf3 Nc6 54. d4+ Kb6 55. d5 Ne7 56. f6 Ng6 57. Bd3 Re8 58. Kd4 Nf4 59. e5 Rd8 60. Be4 Ne6+ 61. Ke3 Nc5 62. e6 Kc7 63. e7 Re8 64. Rc2 Rxe7 65. fxe7 Kd7 66. Rxc5 Kxe7 67. Rc6 b4 68. Rxa6 b3 69. Rb6 b2 70. Rxb2 Kd6 71. Kf4 Kc5 72. Rc2+ Kd6 73. Rc6+ Ke7 74. Kg3 Kd7 75. Kxh3 Ke7 76. Kg3 Kf7 77. Kf4 Ke7 78. Ke5 Kd7 79. g6 Ke7 80. Rc7+ Kf8 81. Ke6 Kg8 82. Kf6 Kf8 83. Rc8# 1-0


[Site "https://www.chess.com"]

[Event "Titled Tuesday Blitz January 31 Late 2023"]
[White "Akobian, Varuzhan"]
[Black "Gomes, Luiz Alexandre de Souza"]
[WhiteFideId "13300580"]
[BlackFideId "2102790"]
[WhiteElo "2591"]
[BlackElo "2254"]
[Result "1-0"]
[Round "01"]
[TimeControl "180+2"]
[Date "2023.01.31"]
[WhiteClock "0:01:23"]
[BlackClock "0:00:16"]

1. d4 d5 2. c4 e6 3. Nc3 Nf6 4. cxd5 exd5 5. Bg5 c6 6. Qc2 Be7 7. e3 Nbd7 8. Bd3 O-O 9. Nge2 Re8 10. O-O Nf8 11. f3 g6 12. Rad1 Ne6 13. Bh4 Ng7 14. e4 Ne6 15. e5 Nh5 16. Bxe7 Qxe7 17. f4 Qh4 18. Qc1 Bd7 19. Qe3 a6 20. f5 Ng5 21. Ng3 c5 22. Nxh5 Qxh5 23. Nxd5 cxd4 24. Nf6+ Kh8 25. Qxd4 Qh6 26. e6 Qg7 27. exd7 Red8 28. Bc4 b5 29. Bb3 a5 30. h4 a4 31. Bd5 Ra6 32. hxg5 Rd6 33. Qe5 1-0


[Site "https://www.chess.com"]

[Event "Titled Tuesday Blitz January 31 Late 2023"]
[White "Hoffmann, Asa"]
[Black "Alex_Sahakyan2006"]
[WhiteFideId "2001470"]
[WhiteElo "2185"]
[BlackElo "2668"]
[Result "1-0"]
[Round "01"]
[TimeControl "180+2"]
[Date "2023.01.31"]
[WhiteClock "0:00:10"]
[BlackClock "0:00:02"]

1. d4 Nf6 2. Bg5 Ne4 3. Bf4 c5 4. f3 Qa5+ 5. c3 Nf6 6. d5 g6 7. e4 d6 8. Qd2 h5 9. Na3 Nbd7 10. Nh3 Bg7 11. Be2 a6 12. O-O b5 13. Nf2 Qc7 14. Rfe1 Rb8 15. Nc2 h4 16. h3 Nh5 17. Be3 Ng3 18. Ng4 Nb6 19. Bf4 Nxe2+ 20. Qxe2 Bxg4 21. fxg4 Nc4 22. Ne3 Ne5 23. a4 c4 24. axb5 axb5 25. Nc2 Nd3 26. Rf1 Nxf4 27. Rxf4 Be5 28. Rf3 Qb6+ 29. Kh1 O-O 30. Nb4 Ra8 31. Raf1 Bg3 32. Nc6 e5 33. Rf6 Qc7 34. g5 Qd7 35. Qf3 Kg7 36. Qe3 Ra2 37. Qe2 Bf4 38. R6xf4 exf4 39. Qd2 f6 40. Qxf4 f5 41. Nd4 Re8 42. exf5 Rxb2 43. f6+ Kg8 44. Ne6 Qf7 45. Qxh4 Re2 46. Qf4 Re5 47. Rb1 Rxd5 48. Nd4 Rde5 49. Nxb5 Re1+ 50. Rxe1 Rxe1+ 51. Kh2 Qd5 52. Nxd6 Qe5 53. f7+ Kf8 54. Qxe5 Rxe5 55. Nxc4 Rxg5 56. Nd6 Rd5 57. Ne4 Kxf7 58. Kg3 Rd3+ 59. Kf4 Kg7 60. c4 Kf7 61. c5 Rb3 62. h4 Rb2 63. g4 Ke6 64. h5 gxh5 65. gxh5 Rh2 66. Ng3 1-0


[Site "https://www.chess.com"]

[Event "Titled Tuesday Blitz January 31 Late 2023"]
[White "Fernandez Siles, Luis"]
[Black "Darini, Pouria"]
[WhiteFideId "2209420"]
[BlackFideId "12502200"]
[WhiteElo "2218"]
[BlackElo "2401"]
[Result "0-1"]
[Round "01"]
[TimeControl "180+2"]
[Date "2023.01.31"]
[WhiteClock "0:00:06"]
[BlackClock "0:00:54"]

1. d4 Nf6 2. c4 e6 3. Nc3 Bb4 4. e3 O-O 5. Ne2 d5 6. a3 Be7 7. cxd5 exd5 8. g3 a5 9. Bg2 c6 10. O-O Na6 11. f3 c5 12. Nb5 Bd7 13. a4 Nc7 14. Nxc7 Qxc7 15. Bd2 Qb6 16. Bc3 Rfe8 17. Kh1 Bf8 18. Qd2 c4 19. g4 Bb4 20. Nf4 Bc6 21. g5 Nd7 22. h4 Re7 23. Bh3 Rae8 24. Rfe1 Qd8 25. Re2 Nb6 26. Bxb4 axb4 27. a5 c3 28. bxc3 Nc4 29. Qc1 bxc3 30. a6 bxa6 31. Rxa6 Bb5 32. Raa2 Nxe3 33. Re1 Qd6 34. Ng2 Qg3 35. Rxe3 Qxh3+ 36. Kg1 Rxe3 37. Nxe3 Qxf3 38. Qxc3 Qxe3+ 39. Qxe3 Rxe3 40. Ra8+ Re8 41. Ra5 Bc4 0-1


[Site "https://www.chess.com"]

[Event "Titled Tuesday Blitz January 31 Late 2023"]
[White "Smith, Garrett L"]
[Black "Tan, Zhongyi"]
[WhiteFideId "2024829"]
[BlackFideId "8603642"]
[WhiteElo "2047"]
[BlackElo "2517"]
[Result "0-1"]
[Round "01"]
[TimeControl "180+2"]
[Date "2023.01.31"]
[WhiteClock "0:00:16"]
[BlackClock "0:01:09"]

1. e4 c5 2. a3 d5 3. exd5 Nf6 4. Bb5+ Bd7 5. Bxd7+ Qxd7 6. c4 e6 7. dxe6 fxe6 8. Nf3 Nc6 9. O-O Bd6 10. Nc3 O-O-O 11. Re1 g5 12. Nxg5 Nd4 13. d3 Rhg8 14. Nce4 Nxe4 15. Rxe4 Rdf8 16. Be3 Rf5 17. h4 h6 18. Bxd4 hxg5 19. Be3 gxh4 20. Rxh4 Qc6 21. Re4 Rh8 22. Qg4 Rfh5 23. Qxe6+ Kb8 24. Kf1 Rh1+ 25. Ke2 Rxa1 26. Rg4 a6 27. Rg8+ Rxg8 28. Qxg8+ Ka7 0-1


[Site "https://www.chess.com"]

[Event "Titled Tuesday Blitz January 31 Late 2023"]
[White "Nigmatov, Ortik"]
[Black "Todev, Simeon"]
[WhiteFideId "14202131"]
[BlackFideId "2925133"]
[WhiteElo "2438"]
[BlackElo "2033"]
[Result "1-0"]
[Round "01"]
[TimeControl "180+2"]
[Date "2023.01.31"]
[WhiteClock "0:00:07"]
[BlackClock "0:00:03"]

1. e4 c5 2. Nf3 Nc6 3. d4 cxd4 4. Nxd4 Nf6 5. Nc3 a6 6. Nxc6 bxc6 7. e5 Ng8 8. Bc4 g6 9. O-O Bg7 10. Qf3 e6 11. Ne4 Bxe5 12. Bf4 Qc7 13. Bxe5 Qxe5 14. Rfe1 d5 15. Ng3 Qf6 16. Qa3 Ne7 17. Bd3 O-O 18. f4 Bd7 19. Re5 Rab8 20. b3 Qxf4 21. Rae1 Qb4 22. Qc1 c5 23. Kh1 c4 24. Nh5 cxd3 25. Nf6+ Kg7 26. c3 Qh4 27. Nxd7 Nf5 28. Nxf8 Ng3+ 29. Kg1 Ne2+ 30. R1xe2 dxe2 31. Nd7 Rd8 32. Nc5 Rc8 33. Nd3 d4 34. c4 Qg4 35. Qd2 f6 36. Rxe2 e5 37. h3 Qf5 38. Nf2 Qb1+ 39. Re1 Qf5 40. Ne4 Qe6 41. c5 Rd8 42. b4 Qc6 43. Nd6 a5 44. a3 axb4 45. axb4 Qd5 46. Kh1 Rb8 47. Rc1 e4 48. b5 e3 49. Qd3 Qe5 50. b6 e2 51. Re1 Qxc5 52. Ne4 Qxb6 53. Rxe2 Qb1+ 54. Qxb1 Rxb1+ 55. Kh2 d3 56. Rd2 Rb3 57. Nf2 f5 58. Nxd3 Kf6 59. Ne1 Re3 60. Nf3 Re7 61. Rd6+ Kg7 62. Kg3 Rf7 63. h4 Re7 64. Kf4 Re4+ 65. Kg3 Rg4+ 66. Kf2 Re4 67. Rd4 Re7 68. Kg3 Ra7 69. Kf4 Kf6 70. Rd6+ Kg7 71. Kg5 h6+ 72. Kf4 Ra4+ 73. Kg3 Rg4+ 74. Kf2 Re4 75. g3 Ra4 76. Ke3 1-0


[Site "https://www.chess.com"]

[Event "Titled Tuesday Blitz January 31 Late 2023"]
[White "Bujisho, Benjamin"]
[Black "Shtompel, Yuriy"]
[WhiteFideId "608610"]
[BlackFideId "14168278"]
[WhiteElo "2338"]
[BlackElo "1938"]
[Result "0-1"]
[Round "01"]
[TimeControl "180+2"]
[Date "2023.01.31"]
[WhiteClock "0:00:03"]
[BlackClock "0:00:23"]

1. e4 c5 2. Nc3 d6 3. g3 Nc6 4. Bg2 g6 5. d3 Bg7 6. Be3 e6 7. Qd2 Nge7 8. Bh6 O-O 9. h4 Nd4 10. Bxg7 Kxg7 11. h5 Kg8 12. Nd1 e5 13. c3 Ne6 14. Qh6 g5 15. Ne3 f6 16. Bh3 Ng7 17. f4 Kh8 18. fxg5 Ng8 19. Bxc8 Nxh6 20. gxh6 Qxc8 21. hxg7+ Kxg7 22. Nf5+ Kh8 23. c4 Qd7 24. Ne2 Rg8 25. Nc3 Rg5 26. O-O-O Rxf5 27. exf5 Qxf5 28. Ne4 Qe6 29. g4 Rg8 30. Rhf1 Qxg4 31. Rxf6 d5 32. cxd5 c4 33. Rf2 cxd3 34. Nc3 e4 35. Rfd2 Rc8 36. Kb1 Qf5 37. Re1 Rxc3 38. bxc3 Qxd5 39. h6 Qc6 40. Kb2 Qxh6 41. Rf1 Qxd2+ 42. Kb3 Qc2+ 0-1


[Site "https://www.chess.com"]

[Event "Titled Tuesday Blitz January 31 Late 2023"]
[White "Itkis, Boris"]
[Black "Perske, Thore"]
[WhiteFideId "1209167"]
[BlackFideId "12902195"]
[WhiteElo "2329"]
[BlackElo "2448"]
[Result "0-1"]
[Round "01"]
[TimeControl "180+2"]
[Date "2023.01.31"]
[WhiteClock "0:00:07"]
[BlackClock "0:00:03"]

1. c4 Nf6 2. Nf3 g6 3. g3 Bg7 4. Bg2 O-O 5. d4 d6 6. O-O c6 7. b3 e5 8. dxe5 dxe5 9. Ba3 Qxd1 10. Rxd1 Re8 11. Bb2 e4 12. Ng5 h6 13. Nh3 Na6 14. Nc3 Bf5 15. e3 g5 16. Ne2 Bg4 17. Kf1 Nb4 18. Nhg1 Rad8 19. h3 Bh5 20. g4 Bg6 21. Ng3 Nxg4 22. Bxg7 Nh2+ 23. Ke2 Kxg7 24. Rxd8 Rxd8 25. Bxe4 Bxe4 26. Nxe4 f5 27. Nc5 Kf6 28. a3 Na6 29. Nxb7 Rd7 30. Na5 Nc5 31. b4 Ne4 32. f3 Nc3+ 33. Kf2 Rd2+ 34. Kg3 h5 35. h4 gxh4+ 36. Kxh4 Rg2 37. Kh3 Rf2 38. Kg3 Rd2 39. Rc1 Nd1 40. b5 Nf1+ 41. Kf4 Nfxe3 42. bxc6 h4 43. Rxd1 Ng2# 0-1


[Site "https://www.chess.com"]

[Event "Titled Tuesday Blitz January 31 Late 2023"]
[White "Pino Perez, Lazaro"]
[Black "Leiva, Gianmarco"]
[WhiteFideId "3517055"]
[BlackFideId "3804399"]
[WhiteElo "2142"]
[BlackElo "2392"]
[Result "1-0"]
[Round "01"]
[TimeControl "180+2"]
[Date "2023.01.31"]
[WhiteClock "0:00:53"]
[BlackClock "0:00:29"]

1. d4 Nf6 2. Bf4 e6 3. e3 d5 4. Nf3 Bd6 5. Nbd2 O-O 6. c3 c5 7. Bd3 Qc7 8. Bxd6 Qxd6 9. Ne5 Nc6 10. f4 b6 11. g4 Ne7 12. Qf3 Bb7 13. g5 Nd7 14. h4 Nf5 15. O-O-O c4 16. Bxf5 exf5 17. Ndxc4 Qe6 18. Nxd7 Qxd7 19. Ne5 Qe7 20. Rdg1 Kh8 21. h5 b5 22. Ng6+ fxg6 23. hxg6 Kg8 24. Rxh7 Rfe8 25. Rh8+ 1-0


[Site "https://www.chess.com"]

[Event "Titled Tuesday Blitz January 31 Late 2023"]
[White "Oro, Faustino"]
[Black "Sliwicki, Damian"]
[WhiteFideId "20000197"]
[BlackFideId "1127128"]
[WhiteElo "2269"]
[BlackElo "2158"]
[Result "1-0"]
[Round "01"]
[TimeControl "180+2"]
[Date "2023.01.31"]
[WhiteClock "0:01:14"]
[BlackClock "0:00:04"]

1. Nf3 g6 2. d4 Nf6 3. g3 Bg7 4. Bg2 O-O 5. O-O d5 6. c4 c6 7. cxd5 cxd5 8. Nc3 Nc6 9. Ne5 Bf5 10. Nxc6 bxc6 11. e3 Rb8 12. Na4 Ne4 13. Bd2 e5 14. Bc3 Nxc3 15. bxc3 e4 16. Qe2 Qa5 17. Qc2 Rfc8 18. Rfb1 Bf8 19. Bf1 Bg4 20. c4 Bf3 21. c5 Be7 22. Nc3 f5 23. Be2 Bxe2 24. Nxe2 g5 25. Kg2 Kg7 26. h4 h6 27. Rh1 Qa3 28. Rab1 a6 29. hxg5 hxg5 30. Rhc1 Rh8 31. Rh1 Bf6 32. Rb6 Rxb6 33. cxb6 Qd6 34. Qc5 Qb8 35. Rxh8 Kxh8 36. Qxc6 Kg7 37. Qc7+ 1-0


[Site "https://www.chess.com"]

[Event "Titled Tuesday Blitz January 31 Late 2023"]
[White "Alfaro, William"]
[Black "Petkov, Momchil"]
[WhiteFideId "6100457"]
[BlackFideId "2921642"]
[WhiteElo "2134"]
[BlackElo "2522"]
[Result "0-1"]
[Round "01"]
[TimeControl "180+2"]
[Date "2023.01.31"]
[WhiteClock "0:00:16"]
[BlackClock "0:00:21"]

1. e4 c5 2. Nf3 e6 3. d4 cxd4 4. Nxd4 a6 5. Nc3 b5 6. a4 b4 7. Nce2 Bb7 8. Ng3 Qc7 9. Be2 Nf6 10. Bf3 Bd6 11. Qe2 Be5 12. Nb3 Nc6 13. O-O O-O 14. Re1 Rac8 15. Nf1 a5 16. Rb1 Nd4 17. Nxd4 Bxd4 18. c3 bxc3 19. bxc3 Bxc3 20. Rd1 d5 21. exd5 Bxd5 22. Ne3 Bxf3 23. Qxf3 Be5 24. h3 Rfd8 25. Ba3 h6 26. Rdc1 Qd7 27. Rd1 Qxa4 28. Rxd8+ Rxd8 29. Be7 Rc8 30. Bxf6 Bxf6 31. Ng4 Bd4 32. Rb7 Qe8 33. g3 e5 34. Qf5 Qe6 35. Qxe6 fxe6 36. Kg2 a4 37. Rb5 Ra8 0-1


[Site "https://www.chess.com"]

[Event "Titled Tuesday Blitz January 31 Late 2023"]
[White "Kalajzic, Ivan"]
[Black "McCoy, Owen"]
[WhiteFideId "14506378"]
[BlackFideId "30924502"]
[WhiteElo "2062"]
[BlackElo "2085"]
[Result "0-1"]
[Round "01"]
[TimeControl "180+2"]
[Date "2023.01.31"]
[WhiteClock "0:02:03"]
[BlackClock "0:02:30"]

1. b3 d5 2. Bb2 Bg4 3. f3 Bf5 4. e4 dxe4 5. Qe2 exf3 6. Qb5+ Bd7 7. Qxb7 Nc6 8. Qa6 f2+ 9. Kxf2 e5 10. Bb5 Bc5+ 11. Kf1 Nge7 12. Qa4 a6 13. Bxc6 Nxc6 14. Qg4 Bxg4 0-1


[Site "https://www.chess.com"]

[Event "Titled Tuesday Blitz January 31 Late 2023"]
[White "Vlassov, Nikolai"]
[Black "Onslow, Alfie"]
[WhiteFideId "4103360"]
[BlackFideId "436976"]
[WhiteElo "2283"]
[BlackElo "2157"]
[Result "1-0"]
[Round "01"]
[TimeControl "180+2"]
[Date "2023.01.31"]
[WhiteClock "0:00:15"]
[BlackClock "0:00:02"]

1. e4 c5 2. c3 Nf6 3. e5 Nd5 4. d4 cxd4 5. cxd4 Nc6 6. Nc3 e6 7. f4 d6 8. Nf3 dxe5 9. fxe5 Bb4 10. Qd3 a6 11. Bd2 b5 12. Ne4 Be7 13. Be2 Bb7 14. O-O Ncb4 15. Qb3 O-O 16. Rae1 Rc8 17. a3 Nc6 18. Qd3 h6 19. Bd1 Na5 20. Bc2 Rxc2 21. Qxc2 Nc4 22. Bc1 Qb6 23. Kh1 Rc8 24. Qd3 a5 25. Re2 b4 26. Ref2 Ba6 27. Nc5 Bxc5 28. dxc5 Qxc5 29. Nh4 Qb6 30. Rxf7 Nxe5 31. Rxg7+ Kxg7 32. Qg3+ Kh7 33. Qxe5 Bxf1 34. Qe4+ Kh8 35. Bxh6 Qc7 36. Ng6+ Kh7 37. Ne7+ Kxh6 38. Qg6# 1-0


[Site "https://www.chess.com"]

[Event "Titled Tuesday Blitz January 31 Late 2023"]
[White "Wilson, Elvin"]
[Black "Lewicki, Miroslaw"]
[WhiteFideId "2014874"]
[BlackFideId "1113380"]
[WhiteElo "2183"]
[BlackElo "2359"]
[Result "1-0"]
[Round "01"]
[TimeControl "180+2"]
[Date "2023.01.31"]
[WhiteClock "0:00:06"]
[BlackClock "0:00:01"]

1. c4 c5 2. g3 Nf6 3. Bg2 e6 4. Nf3 Be7 5. O-O O-O 6. Nc3 Nc6 7. d4 cxd4 8. Nxd4 a6 9. b3 Qc7 10. Bb2 b6 11. Rc1 Bb7 12. Nd5 exd5 13. cxd5 Rad8 14. Qe1 Bc5 15. dxc6 dxc6 16. Nxc6 Bxc6 17. Bxc6 Qxc6 18. b4 Ng4 19. bxc5 Qh6 20. h4 Rd2 21. Rb1 Rc2 22. cxb6 Re8 23. b7 Qd6 24. Qd1 Qc7 25. Qd4 Ne5 26. Rfc1 Rxc1+ 27. Bxc1 Nc6 28. Qc5 Qd7 29. Bf4 f6 30. Kg2 h6 31. h5 Kh7 32. Qc2+ f5 33. Rb6 Nd4 34. Qd3 Qd5+ 35. f3 1-0


[Site "https://www.chess.com"]

[Event "Titled Tuesday Blitz January 31 Late 2023"]
[White "Manukyan, Sargis A."]
[Black "Polanco Nunez, Yoel Estarling"]
[WhiteFideId "13303970"]
[BlackFideId "6401783"]
[WhiteElo "2158"]
[BlackElo "2162"]
[Result "1/2-1/2"]
[Round "01"]
[TimeControl "180+2"]
[Date "2023.01.31"]
[WhiteClock "0:00:16"]
[BlackClock "0:00:20"]

1. d4 Nf6 2. e3 d5 3. Nf3 Bf5 4. Be2 e6 5. O-O Bd6 6. b3 Nbd7 7. Bb2 O-O 8. Nbd2 c5 9. Ne5 Qc7 10. f4 cxd4 11. exd4 Qxc2 12. Qxc2 Bxc2 13. Rac1 Rfc8 14. Bb5 Nf8 15. g4 Ne4 16. Nxe4 Bxe4 17. g5 a6 18. Be2 Ng6 19. Rxc8+ Rxc8 20. Bd1 Nxe5 21. fxe5 Be7 22. h4 Bb4 23. Kf2 Bc3 24. Bxc3 Rxc3 25. Be2 g6 26. Rg1 Rc2 27. Ke3 Rxa2 28. Rc1 Rc2 29. Rxc2 Bxc2 30. b4 Kf8 31. Kd2 Ba4 32. Kc3 Bb5 33. Bf3 Ke7 34. Kb3 Kd7 35. Ka3 Kc6 36. Bd1 b6 37. Bc2 a5 38. Bd1 axb4+ 39. Kxb4 Bc4 40. h5 Bd3 41. h6 Bb5 42. Bb3 Be2 43. Ba4+ b5 44. Bc2 Kb6 45. Bb3 Bf3 46. Bc2 Be2 47. Bb1 Bf1 48. Ba2 Bc4 49. Bb1 Bf1 50. Bc2 Bc4 51. Bd1 Bf1 52. Bg4 Bc4 53. Bf3 Bf1 54. Bh1 Be2 55. Bg2 Bd3 56. Bh3 Be2 57. Bg2 Bc4 58. Bf3 Bf1 59. Bg4 Bc4 60. Bd1 Bf1 61. Bc2 Bc4 62. Kc3 Ka5 63. Bd1 b4+ 64. Kb2 Bb5 65. Bf3 Ba4 66. Be2 Bb5 67. Bd1 Bc4 68. Bc2 Kb5 69. Bd1 Bd3 70. Bb3 Be2 71. Ba2 Bc4 72. Bb1 b3 73. Ka3 b2 74. Kxb2 Kb4 75. Kc2 Bb5 76. Kd2 Kc4 77. Bd3+ Kb4 78. Bc2 Bf1 79. Ke3 Bb5 80. Bd1 Kc3 81. Bg4 Bc6 82. Bf3 Bb5 83. Bd1 Kb4 84. Kd2 Bc4 85. Ke3 Bb5 86. Bc2 Bc4 87. Bd1 Bb5 1/2-1/2


[Site "https://www.chess.com"]